 Dungeon Crawl Stone Soup version 0.22.1-5-g62c59d919a (webtiles) character file.

2905 Peloso the Carver (level 9, -9/79 HPs)
             Began as a Minotaur Fighter on Jan 12, 2019.
             Was a Follower of Okawaru.
             Mangled by Harold
             ... wielding a +0 halberd
              (20 damage)
             ... on level 8 of the Dungeon.
             The game lasted 00:12:57 (6763 turns).

Peloso the Carver (Minotaur Fighter)                Turns: 6763, Time: 00:12:58

Health: -9/79      AC:  8    Str: 22    XL:     9   Next: 49%
Magic:  0/8        EV: 10    Int:  7    God:    Okawaru [*.....]
Gold:   196        SH: 11    Dex: 12    Spells: 8/8 levels left

rFire    . . .     SeeInvis .   a - +3 falchion
rCold    + . .     Gourm    .   c - +0 shield
rNeg     . . .     Faith    .   b - +0 scale mail
rPois    .         Spirit   +   (helmet restricted)
rElec    .         Reflect  .   (no cloak)
rCorr    .         Harm     .   (no gloves)
MR       +....                  (no boots)
Stlth    ..........             n - amulet of guardian spirit
HPRegen  0.23/turn              w - ring of Agiac {MR+ Int+2}
MPRegen  0.11/turn              t - ring of protection from cold

@: marked
A: retaliatory headbutt, horns 2
a: Heroism, Renounce Religion


You were on level 8 of the Dungeon.
You worshipped Okawaru.
Okawaru was aware of your devotion.
You were very hungry.

You visited 2 branches of the dungeon, and saw 9 of its levels.

You collected 491 gold pieces.
You spent 295 gold pieces at shops.

Inventory:

Hand Weapons
 a - a +3 falchion (weapon)
 J - a +3 hand axe
Armour
 b - a +0 scale mail (worn)
 c - a +0 shield (worn)
Jewellery
 n - an amulet of guardian spirit (around neck)
 t - a ring of protection from cold (right hand)
 w - the ring of Agiac (left hand) {MR+ Int+2}
   (You found it on level 5 of the Dungeon)

   [ring of protection from magic]

   It affects your intelligence (+2).
   It affects your resistance to hostile enchantments.
Wands
 v - a wand of random effects (25)
 y - a wand of paralysis (16)
 z - a wand of digging (11)
 E - a wand of iceblast (3)
 H - a wand of flame (9)
Scrolls
 g - a scroll of identify
 h - 5 scrolls of remove curse
 i - 3 scrolls of immolation {unknown}
 j - 2 scrolls of random uselessness {unknown}
 o - 3 scrolls of amnesia {unknown}
 p - 5 scrolls of teleportation
 s - a scroll of noise {unknown}
 x - 3 scrolls of enchant weapon
 B - a scroll of fear
 C - 2 scrolls of magic mapping
 G - a scroll of summoning {unknown}
Potions
 d - a potion of might
 e - a potion of curing
 k - 3 potions of lignification
 l - 3 potions of agility
 m - a potion of berserk rage
 q - a potion of ambrosia
 r - a potion of cancellation
 u - a potion of brilliance
 A - a potion of haste {unknown}
 D - 2 potions of flight {unknown}
 F - a potion of degeneration {unknown}
Comestibles
 f - 24 rations


   Skills:
 + Level 7.3 Fighting
 + Level 9.7 Long Blades
 + Level 7.9 Armour
 + Level 3.6 Dodging
 + Level 1.1 Stealth
 + Level 7.9 Shields


You had 8 spell levels left.
You didn't know any spells.
Your spell library contained the following spells:

 Spells                   Type           Power        Failure   Level  Hunger
 Sandblast                Erth           #.....       95%         1    ##.....
 Passwall                 Tmut/Erth      #.......     99%         2    ###....
 Stone Arrow              Conj/Erth      #.....       100%        3    ####...
 Petrify                  Tmut/Erth      #.......     100%        4    #####..
 Lee's Rapid Deconstruct  Erth           #.........   100%        5    ######.


Dungeon Overview and Level Annotations

Branches:
Dungeon (8/15)             Temple (1/1) D:7
   Lair: D:8-11

Altars:
Ashenzari
Cheibriados
Dithmenos
Elyvilon
Fedhas
Gozag
Makhleb
Okawaru
Ru
Sif Muna
Trog
Uskayaw
Xom
Zin
The Shining One

Annotations:
D:8 Harold


Innate Abilities, Weirdness & Mutations

You reflexively headbutt those who attack you in melee.
You have a pair of horns on your head.


Message History

Harold points at you and mumbles some strange words.
The mark upon you grows brighter.
Unknown command.
You feel better. Harold hits you with a halberd!!
* * * LOW HITPOINT WARNING * * *
You feel better. Harold gestures at you while chanting.
The mark upon you grows brighter.
You are feeling very hungry.
You hit Harold but do no damage. You headbutt Harold!
Harold is moderately wounded.
Unknown command.
You hit Harold.
Harold is heavily wounded.
You block Harold's attack.
Unknown command.
You slash Harold! You headbutt Harold!
Harold is severely wounded.
Harold hits you with a halberd!!
You die...

≈≈P
#≈≈...###.####....#...)
≈≈≈##
≈≈≈...##....##...###...
≈≈≈≈
....##.....†...#y#._.
#≈≈ ...#....##...###...
#.#########
#.#.(..##....#...)
#.........#
#..#.####.........
####......# ##.#.#
##......)#
#.#####......####.#.##
##....###
.............ao@@....#
######
#.#####....######....#
###....<#..# #....#
#.......#.## #....#
#.......#..# #...##
#.......#)## ##..#
#.........######.#
##..............>#
#.###############


You could see Harold, a worker ant and an orc.

Vanquished Creatures
  Psyche (D:8)
  A hippogriff (D:8)
  A spriggan (D:8)
  Sigmund (D:6)
  Menkaure (D:7)
  2 sky beasts
  A phantom (D:5)
  2 ogres
  2 centaurs (D:7)
  A big kobold (D:7)
  2 bullfrogs
  A water moccasin zombie (D:5)
  2 scorpions
  2 howler monkeys
  A crimson imp (D:5)
  4 hounds
  A jelly (D:7)
  Crazy Yiuf (D:7)
  6 orc priests
  5 orc wizards
  3 iguanas
  2 worker ants
  A hound skeleton (D:6)
  2 hound zombies
  4 gnolls
  A howler monkey skeleton (D:7)
  A worker ant zombie (D:7)
  13 adders
  A shadow imp (D:5)
  An adder zombie (D:5)
  An adder skeleton (D:7)
  6 worms
  2 dart slugs
  3 leopard geckos
  14 orcs
  A ball python (D:4)
  9 bats
  9 giant cockroaches
  10 goblins
  10 jackals
  12 kobolds
  3 quokkas
  A ball python skeleton (D:4)
  7 frilled lizards
  A leopard gecko skeleton (D:4)
  2 quokka zombies
  8 rats
166 creatures vanquished.

Notes
Turn   | Place    | Note
-------+----------+-------------------------------------------
     0 | D:1      | Peloso the Minotaur Fighter began the quest for the Orb.
     0 | D:1      | Reached XP level 1. HP: 19/19 MP: 0/0
   162 | D:1      | Reached XP level 2. HP: 25/27 MP: 1/1
   842 | D:2      | Reached skill level 3 in Long Blades
   842 | D:2      | Reached XP level 3. HP: 33/33 MP: 2/2
   850 | D:2      | Found a glowing silver altar of Zin.
   851 | D:2      | Found an opulent altar of Gozag.
  1110 | D:2      | Found a shadowy altar of Dithmenos.
  1435 | D:2      | Reached XP level 4. HP: 40/40 MP: 3/3
  1746 | D:3      | Reached skill level 4 in Long Blades
  1746 | D:3      | Reached skill level 5 in Shields
  1820 | D:3      | Reached XP level 5. HP: 19/46 MP: 4/4
  2749 | D:4      | Reached skill level 1 in Dodging
  2749 | D:4      | Reached XP level 6. HP: 35/53 MP: 5/5
  3137 | D:4      | Reached skill level 5 in Armour
  3424 | D:4      | Reached skill level 5 in Long Blades
  3516 | D:5      | Entered Level 5 of the Dungeon
  3520 | D:5      | Got a twitching iron ring
  3521 | D:5      | Identified the ring of Agiac {MR+ Int+2} (You found it on
                  | level 5 of the Dungeon)
  3772 | D:5      | Noticed a sky beast
  3782 | D:5      | Killed a sky beast
  3782 | D:5      | Reached skill level 5 in Fighting
  3782 | D:5      | Reached XP level 7. HP: 61/61 MP: 6/6
  4016 | D:5      | Reached skill level 6 in Long Blades
  4328 | D:6      | Reached XP level 8. HP: 56/69 MP: 7/7
  4522 | D:6      | Found a white marble altar of Elyvilon.
  4568 | D:6      | Found Ehawkies's Magic Scroll Emporium.
  4575 | D:6      | Bought a scroll of teleportation for 33 gold pieces
  4575 | D:6      | Bought a scroll of fear for 38 gold pieces
  4575 | D:6      | Bought a scroll of remove curse for 33 gold pieces
  4575 | D:6      | Bought a scroll of magic mapping for 38 gold pieces
  4575 | D:6      | Bought a scroll of magic mapping for 38 gold pieces
  4575 | D:6      | Bought a scroll of enchant weapon for 82 gold pieces
  4575 | D:6      | Bought a scroll of teleportation for 33 gold pieces
  4590 | D:6      | Noticed Sigmund
  4606 | D:6      | Killed Sigmund
  4606 | D:6      | Reached skill level 7 in Long Blades
  4938 | D:7      | Noticed Menkaure
  4947 | D:7      | Killed Menkaure
  5012 | D:7      | HP: 3/71 [centaur (4)]
  5015 | D:7      | Reached skill level 8 in Long Blades
  5071 | D:7      | HP: 3/106 [acid (7)]
  5074 | D:7      | HP: 1/106 [bullfrog (3)]
  5647 | D:7      | Found a staircase to the Ecumenical Temple.
  5658 | Temple   | Entered the Ecumenical Temple
  5667 | Temple   | Became a worshipper of Warmaster Okawaru
  5750 | D:7      | Reached XP level 9. HP: 44/78 MP: 5/8
  6089 | D:7      | Found a runed door.
  6370 | D:7      | Noticed Crazy Yiuf
  6376 | D:7      | Killed Crazy Yiuf
  6519 | D:8      | Noticed Psyche
  6534 | D:8      | Killed Psyche
  6534 | D:8      | Reached skill level 9 in Long Blades
  6534 | D:8      | Reached skill level 1 in Stealth
  6584 | D:8      | Noticed a moth of wrath
  6587 | D:8      | Found a bloodstained altar of Trog.
  6679 | D:8      | Reached * piety under Okawaru
  6727 | D:8      | Noticed Harold
  6759 | D:8      | HP: 1/79 [Harold/halberd (17)]
  6763 | D:8      | Mangled by Harold

Skill      XL: |  1  2  3  4  5  6  7  8  9 |
---------------+----------------------------+-----
Shields        | 4 5 6 7 |  7.9
Long Blades    | 3 4 5 6 8 9 |  9.7
Armour         | 4 5 6 7 |  7.9
Fighting       | 4 5 6 7 |  7.3
Dodging        | 1 2 3 |  3.6
Stealth        | 1 |  1.1

Action                   |  1- 3 |  4- 6 |  7- 9 || total
-------------------------+-------+-------+-------++-------
Melee: Long sword        |    79 |   188 |   255 ||   522
       Headbutt          |    15 |    20 |    60 ||    95
       Falchion          |       |       |    35 ||    35
  Use: Potion            |       |       |     5 ||     5
       Scroll            |       |       |     6 ||     6
  Eat: Chunk             |     1 |     8 |     6 ||    15
       Ration            |       |       |     1 ||     1
Armor: Scale mail        |    38 |    88 |    74 ||   200
       Skin              |       |       |    17 ||    17
Dodge: Dodged            |    12 |    60 |    69 ||   141
Block: Shield            |    53 |   113 |   142 ||   308
       Rpst.: Long sword |     5 |    14 |    16 ||    35
       Falchion          |       |       |     1 ||     1
